 Dungeon Crawl Stone Soup version 0.27-a0-604-g29a88b33a7 (webtiles) character file.

Game seed: 12790565209555005270

35826 sahdkjhfkaj the Geomancer (level 13, -11/136 HPs)
             Began as a Demigod Transmuter on Mar 13, 2021.
             Killed from afar by a lindwurm (23 damage)
             ... with a blast of flame
             ... summoned by Kirke
             ... on level 4 of the Lair of Beasts.
             The game lasted 00:25:59 (28314 turns).

sahdkjhfkaj the Geomancer (Demigod Transmuter)     Turns: 28314, Time: 00:26:00

Health: -11/136    AC: 32    Str: 11    XL:     13   Next: 18%
Magic:  0/24       EV: 16    Int: 33    God:
Gold:   947        SH:  0    Dex: 18    Spells: 3/22 levels left

rFire    . . .     SeeInvis .     - Unarmed
rCold    . . .     Faith    .   (no shield)
rNeg     + . .     Spirit   +   (armour currently unavailable)
rPois    ∞         Reflect  .   (no helmet)
rElec    +         Harm     .   (no cloak)
rCorr    .         Rampage  .   (gloves currently unavailable)
Will     +....                  (boots currently unavailable)
Stlth    ++........             k - amulet of guardian spirit
HPRegen  0.32/turn              d - +4 ring of protection
MPRegen  0.19/turn              H - +6 ring of intelligence

@: statue-form, slowed, very slow
A: high mp 1, forlorn
a: End Transformation


You were on level 4 of the Lair of Beasts.
You were a stone statue.
You visited 2 branches of the dungeon, and saw 17 of its levels.
You also visited: Sewer.

You collected 947 gold pieces.

Inventory:

Hand Weapons
 a - a +2 halberd of flaming
Armour
 A - a +2 robe of willpower (melded)
Jewellery
 d - a +4 ring of protection (right fist)
 k - an amulet of guardian spirit (around neck)
 r - a +4 ring of slaying
 H - a +6 ring of intelligence (left fist)
Wands
 v - a wand of polymorph (22)
 y - a wand of flame (34)
 C - a wand of paralysis (33)
 G - a wand of digging (10)
Scrolls
 f - a scroll of identify
 g - 3 scrolls of enchant armour
 i - 2 scrolls of enchant weapon
 j - a scroll of magic mapping
 l - 5 scrolls of teleportation
 p - 3 scrolls of fear
 q - 3 scrolls of fog
 t - 4 scrolls of immolation
 u - 2 scrolls of amnesia
 B - 2 scrolls of silence
 E - a scroll of blinking
 F - a scroll of vulnerability
 I - a scroll of holy word
 K - 2 scrolls of torment
Potions
 b - 2 potions of lignification {unknown}
 c - a potion of resistance {unknown}
 e - 2 potions of flight
 h - 3 potions of might
 m - 11 potions of curing
 n - 5 potions of brilliance
 o - a potion of heal wounds
 s - a potion of ambrosia
 w - a potion of mutation {unknown}
 x - a potion of invisibility
 z - a potion of attraction {unknown}
 D - 2 potions of magic {unknown}


   Skills:
 - Level 7.0 Fighting
 - Level 7.0 Dodging
 - Level 7.0 Unarmed Combat
 - Level 5.0 Spellcasting
 + Level 10.7 Transmutations
 - Level 7.4 Ice Magic
 + Level 10.7 Earth Magic
 - Level 5.0 Poison Magic


You had 3 spell levels left.
You knew the following spells:

 Your Spells              Type           Power      Damage    Failure   Level
a - Beastly Appendage     Tmut           100%       N/A       1%          1
c - Statue Form           Tmut/Erth      45%        N/A       9%          6
d - Ice Form              Ice/Tmut       62%        N/A       1%          4
x - Spider Form           Tmut/Pois      28%        N/A       1%          3
z - Blade Hands           Tmut           34%        N/A       1%          5

Your spell library contained the following spells:

 Spells                   Type           Power      Damage    Failure   Level
 Wereblood                Tmut           68%        N/A       1%          2
 Ignite Poison            Fire/Tmut/Pois 42%        N/A       1%          3
 Magic Dart               Conj           32%        1d4       4%          1
 Blink                    Tloc           N/A        N/A       7%          2
 Call Imp                 Summ           8%         N/A       7%          2
 Slow                     Hex            8%         N/A       7%          2
 Sublimation of Blood     Necr           4%         N/A       7%          2
 Mephitic Cloud           Conj/Pois/Air  19%        N/A       8%          3
 Confusing Touch          Hex            8%         N/A       14%         3
 Conjure Flame            Conj/Fire      8%         6-21      14%         3
 Gell's Gravitas          Tloc           4%         N/A       14%         3
 Petrify                  Tmut/Erth      68%        N/A       1%          4
 Alistair's Intoxication  Tmut/Pois      38%        N/A       5%          5
 Irradiate                Conj/Tmut      21%        3d20      14%         5
 Yara's Violent Unravell  Hex/Tmut       21%        3d10      14%         5
 Metabolic Englaciation   Hex/Ice        16%        N/A       28%         5
 Eringya's Noxious Bog    Tmut/Pois      28%        N/A       28%         6
 Dragon Form              Tmut           34%        N/A       43%         7
 Death Channel            Necr           4%         N/A       100%        6


Dungeon Overview and Level Annotations

Branches:
Dungeon (11/15)            Temple (0/1) D:4            Lair (6/6) D:10
  Swamp (0/4) Lair:2       Spider (0/4) Lair:2        Slime (0/5) Lair:6
  Sewer (visited)
    Orc: D:9-12

Shops:
D:10 [

Annotations:
D:8 2 transporters, garrulousMonolith's ghost, novice HOFi
Lair:4 Kirke


Innate Abilities, Weirdness & Mutations

Your attributes grow dramatically as you level up.
You have an increased reservoir of magic. (+10% MP)
You shall have no god before yourself.


Message History

The blast of flame hits you!! Something hits you but does no damage.
The manticore bites you!
The manticore claws you but does no damage. x2
The lindwurm bites you.
* * * LOW HITPOINT WARNING * * *
The lindwurm claws you but does no damage.
The lindwurm barely misses you.
You punch something! Something hits you but does no damage.
The manticore bites you!
* * * LOW HITPOINT WARNING * * *
The manticore barely misses you. x2
The lindwurm bites you but does no damage.
The lindwurm claws you but does no damage.
The lindwurm closely misses you. Something hits you but does no damage.
The manticore completely misses you.
The manticore claws you but does no damage. x2
The lindwurm breathes flames at you. The blast of flame misses you.
You punch something!
The lindwurm disappears in a puff of smoke!
Something hits you!
* * * LOW HITPOINT WARNING * * *
The manticore bites you but does no damage.
The manticore closely misses you. The manticore claws you!
* * * LOW HITPOINT WARNING * * *
Something hits you but does no damage.
The lindwurm bites you but does no damage.
The lindwurm claws you but does no damage.
The lindwurm barely misses you. The manticore barely misses you.
The manticore closely misses you. x2
You closely miss something. Something hits you but does no damage.
The lindwurm closely misses you. x2; The lindwurm completely misses you.
The manticore barely misses you.
The manticore claws you but does no damage.
The manticore closely misses you.
You hear some strange, mumbled words.
You feel as though you will be slow longer.
The lindwurm breathes flames at you. The blast of flame hits you!!
You die...

#......## #..# ##.......#
###.## #........####.#.##
#................#
##.......##.#.#.##
#......####..#.## #.....(#
####..# #### #
##....[.#######k#####..##### ##
#..<....##..#.8..##P#..#...###.
##.............H...............
###.#.#.####..#.##..###..###..
####..# #P.#########.###...
##.## ##.# ##..# ##P. ##..#
#..#######P..####[. ##..P#
#P.##P#..###..#.... #.#.##
##................. ##..#
#.##.#P.##..#.#..#


You could see a manticore (summoned) and a lindwurm (summoned, catching breath).

Vanquished Creatures
  The ghost of Ganudwyg the Peltast, a journeyman MiFi of Wu Jian (Lair:3)
  7 hydras
  A catoblepas (Lair:5)
  2 two-headed ogres (D:9)
  3 death yaks (Lair:6)
  An unseen horror (D:8)
  Pikel (D:9)
  An orb spider (Lair:2)
  7 elephants
  Maurice (D:9)
  7 cane toads
  3 rime drakes
  Maggie (D:6)
  6 komodo dragons
  4 polar bears
  A hornet (D:10)
  A troll (D:10)
  10 blink frogs
  8 dream sheep
  3 spriggans
  5 wyverns
  A vampire (D:8)
  12 yaks
  2 basilisks (Lair:5)
  7 hogs
  Eustachio (D:6)
  3 swamp worms (D:7)
  9 water moccasins
  Duvessa (D:6)
  4 ice beasts
  4 black bears
  An eye of draining (D:10)
  2 orc warriors (D:7)
  3 ogres
  6 centaurs
  2 boggarts
  12 wolves
  A phantom (D:5)
  22 bullfrogs
  6 kobold brigands
  Dowan (D:6)
  3 scorpions
  8 killer bees
  10 wights (D:6)
  2 howler monkeys (D:10)
  4 crimson imps (D:4)
  A bullfrog zombie (D:8)
  8 hounds
  3 orc priests (D:5)
  2 jellies
  2 centaur skeletons
  Natasha (thrice) (D:3)
  An iguana (D:4)
  4 worker ants
  7 orc wizards
  4 hell rats
  A statue (D:6)
  3 hound zombies
  A hound skeleton (D:9)
  4 worker ant zombies
  3 gnolls (D:3)
  19 adders
  6 river rats
  3 shadow imps
  A white imp (D:10)
  2 ufetubi
  2 oozes
  2 adder skeletons
  8 worms
  3 dart slugs
  5 leopard geckos
  27 orcs
  3 giant cockroaches
  6 hobgoblins
  7 jackals
  29 kobolds
  4 quokkas
  6 ball pythons
  10 bats
  8 frilled lizards
  9 goblins
  A jackal skeleton (D:5)
  A leopard gecko skeleton (D:7)
  4 quokka skeletons
  26 rats
440 creatures vanquished.

Vanquished Creatures (others)
  28 fungi
  72 plants
100 creatures vanquished.

Grand Total: 540 creatures vanquished

Notes
Turn   | Place    | Note
-------+----------+-------------------------------------------
     0 | D:1      | sahdkjhfkaj the Demigod Transmuter began the quest for the
                  | Orb.
     0 | D:1      | Reached XP level 1. HP: 15/15 MP: 5/5
    36 | D:1      | Reached skill level 1 in Fighting
   517 | D:1      | Reached XP level 2. HP: 24/24 MP: 5/7
  1312 | D:2      | Reached XP level 3. HP: 16/30 MP: 6/8
  1649 | D:2      | Learned a level 3 spell: Spider Form
  2383 | D:2      | Reached XP level 4. HP: 37/37 MP: 7/9
  2883 | D:3      | Reached skill level 1 in Poison Magic
  2956 | D:3      | Noticed Natasha
  3063 | D:3      | Killed Natasha
  3260 | D:3      | Noticed Natasha
  3274 | D:3      | Killed Natasha
  3332 | D:3      | Noticed a centaur
  3350 | D:3      | Killed a centaur
  3351 | D:3      | Reached XP level 5. HP: 11/42 MP: 7/12
  3431 | D:3      | Noticed Natasha
  3443 | D:3      | Killed Natasha
  3756 | D:3      | Reached XP level 6. HP: 50/50 MP: 9/13
  4494 | D:4      | Found a glowing drain.
  4500 | D:4      | Reached XP level 7. HP: 56/56 MP: 10/14
  4507 | Sewer    | Entered a sewer
  4667 | Sewer    | Learned a level 5 spell: Blade Hands
  4761 | Sewer    | Reached skill level 5 in Transmutations
  5175 | Sewer    | Reached skill level 5 in Poison Magic
  5662 | D:4      | Found a staircase to the Ecumenical Temple.
  6402 | D:4      | Reached XP level 8. HP: 59/63 MP: 12/15
  6592 | D:5      | Entered Level 5 of the Dungeon
  8497 | D:6      | Noticed Maggie
  8687 | D:6      | Killed Maggie
  8688 | D:6      | Reached skill level 5 in Fighting
  8920 | D:6      | Reached skill level 5 in Unarmed Combat
  8944 | D:6      | Reached skill level 5 in Dodging
  9068 | D:6      | Noticed Duvessa
  9069 | D:6      | Noticed Dowan
  9082 | D:6      | Killed Duvessa
  9083 | D:6      | Reached XP level 9. HP: 73/74 MP: 8/16
  9084 | D:6      | Killed Dowan
  9269 | D:6      | Noticed Eustachio
  9282 | D:6      | Killed Eustachio
 10716 | D:7      | Noticed a blizzard demon
 11140 | D:7      | Reached skill level 5 in Spellcasting
 11437 | D:7      | Noticed a +0 short sword
 11438 | D:7      | Noticed a +0 dagger
 11439 | D:7      | Noticed a +0 falchion
 11439 | D:7      | Noticed a +0 spear
 11439 | D:7      | Noticed a +0 dagger
 11439 | D:7      | Noticed a +0 spear
 11439 | D:7      | Noticed a +0 short sword
 11439 | D:7      | Noticed a +0 falchion
 11928 | D:8      | Killed an unseen horror
 11929 | D:8      | Reached XP level 10. HP: 61/81 MP: 13/21
 12861 | D:8      | Found a transporter.
 12861 | D:8      | Found a transporter.
 12863 | D:8      | Identified the +5 buckler of the Evening {rF- Will+ rCorr
                  | Dex+5}
 12867 | D:8      | Identified the ring of Peaq {Wiz Str+5 Int+6 Dex-5}
 12872 | D:8      | Noticed garrulousMonolith's ghost (novice HOFi)
 13328 | D:9      | Noticed a two-headed ogre
 13338 | D:9      | Killed a two-headed ogre
 13649 | D:9      | Noticed a two-headed ogre
 13659 | D:9      | Killed a two-headed ogre
 14006 | D:9      | Noticed Pikel
 14014 | D:9      | Killed Pikel
 14117 | D:9      | Noticed Maurice
 14193 | D:9      | Killed Maurice
 14489 | D:9      | Learned a level 4 spell: Ice Form
 14520 | D:10     | Entered Level 10 of the Dungeon
 14531 | D:10     | Reached skill level 1 in Ice Magic
 14900 | D:10     | Reached XP level 11. HP: 88/92 MP: 16/22
 15128 | D:10     | Found Ahean's Armour Shoppe.
 15586 | D:10     | Found a staircase to the Lair.
 15925 | Lair:1   | Entered Level 1 of the Lair of Beasts
 16005 | Lair:1   | Reached skill level 5 in Ice Magic
 16174 | Lair:1   | Noticed a six-headed hydra
 16199 | Lair:1   | Killed a six-headed hydra
 16974 | Lair:1   | You fall into a shaft and drop 1 floor!
 17129 | Lair:2   | Identified a scroll of acquirement
 17149 | Lair:2   | Acquired Ruig's Almanac of Shape Shifting and Darkness
 17158 | Lair:2   | Learned a level 6 spell: Statue Form
 17224 | Lair:2   | Found a staircase to the Swamp.
 17270 | Lair:2   | Reached skill level 1 in Earth Magic
 18189 | Lair:2   | Found a hole to the Spider Nest.
 18571 | Lair:2   | Noticed a six-headed hydra
 19647 | Lair:1   | Killed a one-headed hydra
 19648 | Lair:1   | Reached skill level 5 in Earth Magic
 20427 | Lair:3   | Noticed a seven-headed hydra
 20801 | Lair:2   | Found a staircase to the Swamp.
 20939 | Lair:2   | Killed a one-headed hydra
 21243 | Lair:2   | Identified the +2 war axe of Plunder {flame, +Blink}
 21393 | Lair:2   | Found a hole to the Spider Nest.
 21847 | Lair:3   | Found a large runed translucent door.
 21847 | Lair:3   | Found a large runed translucent door.
 21851 | Lair:3   | Noticed Ganudwyg's ghost (journeyman MiFi)
 21948 | Lair:2   | Reached XP level 12. HP: 22/95 MP: 5/23
 22647 | Lair:3   | Noticed a seven-headed hydra
 23458 | Lair:3   | Killed a two-headed hydra
 23984 | Lair:3   | Killed Ganudwyg's ghost
 25823 | Lair:5   | Noticed a catoblepas
 25839 | Lair:5   | Killed a catoblepas
 25999 | Lair:5   | Noticed a seven-headed hydra
 26009 | Lair:5   | Killed a seven-headed hydra
 26761 | Lair:6   | Entered Level 6 of the Lair of Beasts
 26855 | Lair:6   | Reached skill level 10 in Transmutations
 26859 | Lair:6   | Reached skill level 10 in Earth Magic
 27196 | Lair:6   | Noticed an eight-headed hydra
 27215 | Lair:6   | Killed an eight-headed hydra
 27216 | Lair:6   | Reached XP level 13. HP: 105/105 MP: 18/24
 27345 | Lair:6   | Found a staircase to the Slime Pits.
 27351 | Lair:6   | Noticed Kirke
 27602 | Lair:6   | HP: 6/136 [yak[a boggart] (7)]
 28190 | Lair:5   | Noticed a sphinx
 28314 | Lair:4   | Killed from afar by a lindwurm

Illustrated notes

Levels and vault maps discovered:
D:1:      dpeg_arrival_shrine, layout_basic
D:2:      layout_basic, serial_aquarium, aquarium_bridge_straight
          [aquarium_subvault_bridge, aquarium_subvault_wall,
          aquarium_subvault_bridge, aquarium_subvault_window],
          aquarium_window_corridor_3, aquarium_window_1, aquarium_view_2c,
          hex_tiny
D:3:      layout_rooms, uniq_natasha
D:4:      layout_gridville, led_xom_imps, nicolae_ru_great_annihilating_truth,
          lemuel_round_altar, minmay_temple_entry_overgrown,
          lightli_sewer_entry_pipes, roderic_roman_lattice
D:5:      layout_loops_ring, slow_altar_1, chequers_serial_rivers_small_3
D:6:      layout_basic, vehumet_statue, minmay_misc_feat_secret_circle,
          kennysheep_slug_shrine, uniq_eustachio, uniq_duvessa, uniq_maggie
D:7:      layout_loops_cross, makhleb_altar_promises_db,
          nicolae_uskayaw_en_pointe, worms_lemuel
D:8:      layout_basic, chequers_temple_overflow_statue_of_worship,
          gammafunk_ghost_gnarly_gnolls
D:9:      layout_irregular_city, nicolae_overflow_crystal_walls, uniq_maurice,
          uniq_pikel
D:10:     layout_long_grid, dpeg_oklobed_lair, serial_shops,
          nicolae_shop_waterfront, lemuel_altar_in_water
D:11:     layout_roguey, hiddenorc2_lemuel, nicolae_qazlal_general_emergency
Lair:1:   layout_long_grid
Lair:2:   layout_loops_ring, swamp_mist, nicolae_spider_entry_orb_guardian,
          beast_lair_carwin_4, grunt_megastairs_1
Lair:3:   layout_concentric_octagons, ebering_ghost_disaster_area
Lair:4:   layout_small_grid
Lair:5:   layout_cave_shapes
Lair:6:   minmay_lair_end_enchanted_forest, layout_gridlike, slime_altar_1,
          special_room [special_room_mythical_zoo], uniq_kirke

Skill      XL: |  1  2  3  4  5  6  7  8  9 10 11 12 |
---------------+-------------------------------------+-----
Fighting       | 2 3 5 7 |  7.0
Dodging        | 2 3 5 7 |  7.0
Transmutations | 2 3 4 5 8 10 | 10.7
Spellcasting   | 2 3 5 |  5.0
Poison Magic   | 2 3 5 |  5.0
Unarmed Combat | 3 5 7 |  7.0
Ice Magic      | 3 7 |  7.4
Earth Magic    | 6 10 | 10.7

Action                   |  1- 3 |  4- 6 |  7- 9 | 10-12 | 13-15 || total
-------------------------+-------+-------+-------+-------+-------++-------
Melee: Unarmed           |   144 |   173 |   553 |   643 |   138 ||  1651
       Kick              |    31 |     6 |       |       |       ||    37
       Headbutt          |    13 |     1 |       |       |       ||    14
       Punch             |       |       |     4 |    12 |     4 ||    20
       Halberd           |       |       |       |    21 |       ||    21
 Cast: Beastly Appendage |    43 |    10 |       |       |       ||    53
       Spider Form       |       |    20 |    65 |       |       ||    85
       Blade Hands       |       |       |    13 |    34 |       ||    47
       Ice Form          |       |       |       |    40 |       ||    40
       Statue Form       |       |       |       |    14 |    14 ||    28
 Abil: End Transformatio |       |       |     3 |     3 |       ||     6
Evoke: Wand              |       |       |       |     4 |       ||     4
  Use: Potion            |       |     4 |     3 |     2 |     2 ||    11
       Scroll            |       |       |     8 |    16 |     1 ||    25
 Stab: Sleeping          |     1 |     2 |     3 |     1 |       ||     7
       Invisible         |       |     2 |       |       |     3 ||     5
       Paralysed         |       |       |     1 |       |       ||     1
Armor: Robe              |    70 |     4 |    23 |    85 |     3 ||   185
       Skin              |       |    17 |    68 |   255 |   371 ||   711
Dodge: Dodged            |   117 |   119 |   567 |   698 |   451 ||  1952

Table legend: (Time is in decaauts)
 A = Elapsed time spent in this place.
 B = Non-inter-level travel time spent in this place.
 C = Inter-level travel time spent in this place.
 D = Time resting spent in this place.
 E = Time spent auto-exploring this place.
 F = Levels seen in this place.
 G = Mean time per level.
                   A        B        C        D        E       F      G
               +--------+--------+--------+--------+--------+-----+--------+
         Total |  28879 |  28023 |    856 |    247 |  22712 |  18 | 1604.4 |
       Dungeon |  15194 |  14690 |    504 |    137 |  12382 |  11 | 1381.3 |
          Lair |  12742 |  12391 |    351 |    110 |   9624 |   6 | 2123.7 |
         Sewer |    942 |    942 |      0 |      0 |    705 |   1 |  942.0 |
               +--------+--------+--------+--------+--------+-----+--------+

Top non-repeatable levels by time:
  Lair:2: 3411 daAuts
  Lair:1: 2845 daAuts
     D:5: 2043 daAuts
     D:6: 1978 daAuts
  Lair:4: 1919 daAuts
  Lair:3: 1896 daAuts
     D:4: 1722 daAuts
     D:7: 1624 daAuts
     D:9: 1595 daAuts
     D:2: 1584 daAuts
  Lair:5: 1534 daAuts
     D:1: 1285 daAuts
    D:10: 1225 daAuts
  Lair:6: 1134 daAuts
     D:3: 1078 daAuts
